 Dungeon Crawl Stone Soup version 0.27.1-3-gb3d3a73c9e (webtiles) character file.

Game seed: 13115505890646300924

1647 MajorAdolf the Magician (level 9, 0/68 HPs)
             Began as a Naga Wanderer on Oct 16, 2021.
             Was an Initiate of Sif Muna.
             Succumbed to a water moccasin's poison
             ... on level 5 of the Dungeon.
             The game lasted 00:21:30 (13368 turns).

MajorAdolf the Magician (Naga Wanderer)            Turns: 13368, Time: 00:21:30

Health: 0/68       AC:  6    Str: 16    XL:     9   Next: 0%
Magic:  2/18       EV:  9    Int: 15    God:    Sif Muna [......]
Gold:   230        SH:  0    Dex: 10    Spells: 13/20 levels left

rFire    . . .     SeeInvis +   s - +0 dagger (venom)
rCold    . . .     Faith    .   (no shield)
rNeg     + + .     Spirit   .   v - +1 robe of the Journeyman {-Tele +Inv rN++ rCorr}
rPois    +         Reflect  .   (no helmet)
rElec    .         Harm     .   (no cloak)
rCorr    +         Rampage  .   t - +0 pair of gloves
Will     +....     NoTele   +   (no barding)
Stlth    +.........             (no amulet)
HPRegen  0.21/turn              (no ring)
MPRegen  0.16/turn              (no ring)

@: mighty, lethally poisoned (0 -> -10), very slightly contaminated, hasted,
quick
A: AC +3, large, see invisible, deformed body, poison resistance, slowness 2,
spit poison 1, naga tail 1
a: Spit Poison, Renounce Religion, Evoke Invisibility


You were on level 5 of the Dungeon.
You worshipped Sif Muna.
Sif Muna was noncommittal.
You visited 2 branches of the dungeon, and saw 7 of its levels.

You collected 230 gold pieces.

Inventory:

Hand Weapons
 d - a +2 whip of freezing
 s - a +0 dagger of venom (weapon)
Armour
 c - a +0 robe
 q - a +0 kite shield
 t - a +0 pair of gloves (worn)
 v - the +1 robe of the Journeyman (worn) {-Tele +Inv rN++ rCorr}
   (You found it on level 5 of the Dungeon)

   rN:        It greatly protects you from negative energy.
   +Inv:      It lets you turn invisible.
   -Tele:     It prevents most forms of teleportation.
   rCorr:     It protects you from acid and corrosion.
Magical Staves
 h - a staff of earth
Wands
 g - a wand of iceblast (5)
 p - a wand of digging (6)
 w - a wand of polymorph (8)
Scrolls
 f - 5 scrolls of identify {unknown}
 k - a scroll of summoning {unknown}
 l - a scroll of torment {unknown}
 m - a scroll of amnesia {unknown}
 r - a scroll of magic mapping {unknown}
 y - a scroll of noise {unknown}
Potions
 a - a potion of flight {unknown}
 e - a potion of resistance {unknown}
 i - 2 potions of might
 j - 2 potions of haste
 n - a potion of brilliance {unknown}
 o - a potion of heal wounds {unknown}
 u - a potion of ambrosia {unknown}
 x - a potion of lignification {unknown}


   Skills:
 - Level 0.2 Fighting
 - Level 1.7 Crossbows
 - Level 1.0 Armour
 + Level 3.9 Shields
 + Level 6.1 Spellcasting
 + Level 5.7 Conjurations
 + Level 5.3 Translocations
 - Level 1.0 Transmutations
 - Level 1.0 Evocations


You had 13 spell levels left.
You knew the following spells:

 Your Spells              Type           Power      Damage    Failure   Level
a - Magic Dart            Conj           84%        1d7       1%          1
b - Blink                 Tloc           N/A        N/A       2%          2
c - Iskenderun's Mystic   Conj/Tloc      21%        2d6       14%         4

Your spell library contained the following spells:

 Spells                   Type           Power      Damage    Failure   Level
 Pain                     Necr           16%        1d4       14%         1
 Conjure Flame            Conj/Fire      13%        6-21      14%         3
 Dazzling Flash           Conj/Hex       26%        N/A       14%         3
 Mephitic Cloud           Conj/Pois/Air  10%        N/A       21%         3
 Call Imp                 Summ           4%         N/A       22%         2
 Slow                     Hex            4%         N/A       22%         2
 Sublimation of Blood     Necr           2%         N/A       22%         2
 Irradiate                Conj/Tmut      7%         3d16      69%         5
 Petrify                  Tmut/Erth      6%         N/A       75%         4
 Agony                    Necr           4%         N/A       99%         5
 Excruciating Wounds      Necr           2%         N/A       99%         5
 Starburst                Conj/Fire      6%         6d4       100%        6


Dungeon Overview and Level Annotations

Branches:
Dungeon (6/15)             Temple (1/1) D:4

Altars:
Ashenzari
Cheibriados
Dithmenos
Fedhas
Gozag
Kikubaaqudgha
Makhleb
Nemelex Xobeh
Okawaru
Qazlal
Ru
Sif Muna
Uskayaw
Vehumet
Wu Jian
Yredelemnul
The Shining One

Shops:
D:4 *(

Annotations:
D:4 exclusion: downstairs
D:5 exclusion: 2 downstairs


Innate Abilities, Weirdness & Mutations

Your serpentine skin is tough. (AC +3)
You have supernaturally acute eyesight. (SInv)
Armour fits poorly on your strangely shaped body.
Your system is resistant to poisons. (rPois)
You cover ground very slowly.
You can spit poison.
You have a snake-like lower body.


Message History

Unknown command.
You feel better.
Casting: Iskenderun's Mystic Blast (dangerous; 17% risk of failure)
Confirm with . or Enter, or press ? or * to list all spells.
You miscast Iskenderun's Mystic Blast.
Nothing appears to happen.
The water moccasin barely misses you. The water moccasin bites you.
* * * LOW HITPOINT WARNING * * *
Unknown command.
You closely miss the water moccasin.
The water moccasin is severely wounded.
The water moccasin bites you but does no damage.
Unknown command.
Okay, then.
You hit the water moccasin but do no damage.
The water moccasin is severely wounded.
You are no longer locked in place.
The water moccasin bites you.
* * * LOW HITPOINT WARNING * * *
You are lethally poisoned!
The water moccasin poisons you!
It was a potion of might.
You feel very mighty all of a sudden.
* * * LOW HITPOINT WARNING * * *
You feel very sick.
The water moccasin bites you but does no damage.
The water moccasin bites you.
* * * LOW HITPOINT WARNING * * *
Unknown command.
You puncture the water moccasin!
You kill the water moccasin!
Sif Muna accepts your kill.
* * * LOW HITPOINT WARNING * * *
You feel very sick.
You have reached level 9!
Your experience leads to an increase in your attributes!
Increase (S)trength, (I)ntelligence, or (D)exterity?
You feel clever.
Your skin feels tougher.
Unknown command.
It was a potion of haste.
You feel yourself speed up.
You die...

#.......'.....)...'...
##...####.....<...##.#
##.#.## ##.......###..
###.###.#####.....##
### #....#....# ##...##
# #.###.###.# ##'## #.#
#.# #.#####.# #.#
#.###.##....####### #.#
#..@†.............#
#.#######.##.>...####.#
#.........###.....#
#.## ###########
##...## #... ##.## ####
###


There were no monsters in sight!

Vanquished Creatures
  Pikel (D:5)
  A yak (D:5)
  3 water moccasins
  An ogre (D:4)
  2 phantoms (D:5)
  2 lemures
  A wyvern skeleton (D:5)
  A centaur zombie (D:6)
  A bullfrog zombie (D:5)
  A jelly (D:4)
  An iguana (D:5)
  Natasha (thrice) (D:2)
  An orc wizard (D:3)
  A killer bee zombie (D:5)
  A hound skeleton (D:4)
  A mummy (D:4)
  2 gnolls (D:5)
  5 adders
  A shadow imp (D:6)
  An adder zombie (D:5)
  5 worms
  2 dart slugs (D:1)
  5 orcs
  6 endoplasms
  3 giant cockroaches
  3 goblins
  8 hobgoblins
  3 jackals (D:2)
  A quokka (D:5)
  6 ball pythons
  6 bats
  4 frilled lizards
  16 kobolds
  6 rats
105 creatures vanquished.

Notes
Turn   | Place    | Note
-------+----------+-------------------------------------------
     0 | D:1      | MajorAdolf the Naga Wanderer began the quest for the Orb.
     0 | D:1      | MajorAdolf set off with the following items: a +0 club, a
                  | potion of curing, a +0 robe, a scroll of teleportation; and
                  | the following spell memorised: Magic Dart; and the
                  | following spells available to memorise: Blink, Call Imp,
                  | Slow, Conjure Flame, Mephitic Cloud
     0 | D:1      | Reached XP level 1. HP: 15/15 MP: 4/4
   502 | D:1      | Reached XP level 2. HP: 22/22 MP: 3/6
   553 | D:1      | Reached skill level 1 in Conjurations
   877 | D:1      | Found a faded altar of an unknown god.
  1321 | D:1      | Reached XP level 3. HP: 28/28 MP: 1/7
  1615 | D:2      | Learned a level 2 spell: Blink
  1978 | D:2      | Reached XP level 4. HP: 36/36 MP: 7/9
  2449 | D:2      | Noticed Natasha
  2455 | D:2      | Killed Natasha
  2699 | D:2      | Noticed Natasha
  2709 | D:2      | Killed Natasha
  2710 | D:2      | Reached skill level 4 in Spellcasting
  2710 | D:2      | Reached XP level 5. HP: 20/42 MP: 1/11
  2990 | D:2      | Learned a level 4 spell: Iskenderun's Mystic Blast
  3071 | D:2      | Noticed Natasha
  3099 | D:2      | Killed Natasha
  5516 | D:4      | Found Sickyt's Weapon Shoppe.
  5890 | D:4      | Reached XP level 6. HP: 35/49 MP: 6/12
  6346 | D:4      | Found a snail-covered altar of Cheibriados.
  6558 | D:4      | Found Entuqa's Lightly-Used Armoury.
  6649 | D:4      | Found a staircase to the Ecumenical Temple.
  6843 | Temple   | Entered the Ecumenical Temple
  6998 | Temple   | Became a worshipper of Sif Muna the Loreminder
  7167 | D:5      | Entered Level 5 of the Dungeon
  7574 | D:5      | Noticed a water moccasin
  7839 | D:5      | Reached XP level 7. HP: 27/55 MP: 6/14
  8536 | D:5      | Identified the +1 robe of the Journeyman {-Tele +Inv rN++
                  | rCorr}
  9529 | D:6      | Reached skill level 5 in Spellcasting
 10349 | D:5      | Noticed Pikel
 10764 | D:5      | Killed Pikel
 10765 | D:5      | Reached skill level 5 in Conjurations
 10765 | D:5      | Reached XP level 8. HP: 45/62 MP: 14/16
 11794 | D:5      | Reached skill level 5 in Translocations
 12729 | D:6      | Noticed a yak
 12729 | D:6      | Noticed a yak
 12729 | D:6      | Noticed a yak
 12729 | D:6      | Noticed a yak
 12729 | D:6      | Noticed a yak
 12752 | D:5      | Killed a yak
 12753 | D:5      | Reached skill level 6 in Spellcasting
 13367 | D:5      | HP: 3/62 [poisoned by a water moccasin]
 13368 | D:5      | Reached XP level 9. HP: 3/68 MP: 2/18
 13368 | D:5      | Succumbed to a water moccasin's poison

Illustrated notes

Levels and vault maps discovered:
D:1:      minmay_arrival_widening_spiral_wide, layout_loops_ring,
          shapermc_ecumenical_altar_starsandcircs, minmay_tripent
D:2:      layout_rooms, minmay_pentomino_pile, uniq_natasha
D:3:      layout_basic
D:4:      layout_loops_ring, slow_altar_2, minmay_temple_entry_nine_rooms,
          serial_shops, shop, grunt_decor_clamped, minmay_shop_damaged
D:5:      layout_loops_corners, chequers_serial_rivers_micro_e,
          chequers_serial_rivers_micro_a, sigmund_army, uniq_pikel
D:6:      layout_basic, zin_scriptorium, nrook_uturn, minivault_23,
          uniq_duvessa, uniq_crazy_yiuf_cottage
Temple:   eino_temple_rhombus

Skill      XL: |  1  2  3  4  5  6  7  8 |
---------------+-------------------------+-----
Conjurations   | 1 2 3 5 |  5.7
Spellcasting   | 4 5 6 |  6.1
Translocations | 2 3 4 5 |  5.3
Shields        | 2 3 |  3.9
Fighting       | |  0.2
Crossbows      | |  1.7
Armour         | |  1.0
Transmutations | |  1.0
Evocations     | |  1.0

Action                   |  1- 3 |  4- 6 |  7- 9 || total
-------------------------+-------+-------+-------++-------
Melee: Club              |     3 |       |       ||     3
       Dagger            |     9 |    26 |    53 ||    88
       Whip              |       |       |    31 ||    31
 Cast: Magic Dart        |    55 |   168 |    62 ||   285
       Iskenderun's Myst |       |       |     2 ||     2
 Abil: Spit Poison       |    25 |    36 |    13 ||    74
Evoke: Wand              |       |     5 |     5 ||    10
  Use: Potion            |       |     2 |     3 ||     5
       Scroll            |       |       |     1 ||     1
Armor: Robe              |    16 |    18 |    54 ||    88
       Skin              |       |       |     2 ||     2
Dodge: Dodged            |    26 |    27 |    56 ||   109
Block: Kite shield       |       |    15 |    67 ||    82
